AoeStats
← Canelo889

Black Forest

511092892Analyzed
3v3 RM · 4h ago on Oct 3, 2026· 60m 32s· 6 players
Game mode
Random Map
Map size
Normal (6 player)
Population
200
Speed
Normal
Resources
Standard
Victory
Conquest
Starting age
Dark Age
Ending age
Imperial Age
RankedLock teamsTeams togetherTeam positionsShared explorationLock speedFull tech treeHidden civsTurbo modeCheats
Victory
Defeat
🇮🇱 Turks · Israel
767
+35
🇦🇷 Khmer · Argentina
698
+15
🇮🇱 Celts · Israel
692
+16
🇨🇭 Franks · Switzerland
729
-26
🇨🇭 Vietnamese · Switzerland
692
-15
🇨🇭 Persians · Switzerland
640
-13
Canelo889
8:04 Loom
12:46 Feudal Age
16:28 Castle Age
15:16 Double-Bit Axe
20:12 Wheelbarrow
30:51 Imperial Age
32:39 Chemistry
32:00 Ballistics
31:30 Heated Shot
31:37 Murder Holes
31:34 Fletching
31:45 Padded Archer Armor
31:08 Crossbowman
31:54 Thumb Ring
33:10 Hand Cart
32:52 Bodkin Arrow
33:13 Leather Archer Armor
33:09 Forging
33:36 Bow Saw
33:10 Horse Collar
33:40 Arbalester
34:35 Elite Rattan Archer
35:48 Elite Skirmisher
37:45 Bracer
38:15 Ring Archer Armor
38:21 Iron Casting
39:16 Paper Money
41:31 Pikeman
44:11 Halberdier
45:16 Chatras
46:09 Squires
45:48 Imperial Skirmisher
51:55 Two-Man Saw
52:17 Arson
Dudimiu
17:08 Feudal Age
17:52 Double-Bit Axe
19:39 Man-at-Arms
24:49 Castle Age
25:08 Forging
27:15 Bow Saw
35:06 Padded Archer Armor
34:38 Man-at-Arms
35:57 Wheelbarrow
39:01 Hand Cart
45:21 Gold Mining
45:21 Stone Mining
54:27 Gold Shaft Mining
Tortugabx
13:45 Feudal Age
20:15 Double-Bit Axe
26:58 Castle Age
24:50 Loom
26:10 Scale Barding Armor
26:16 Forging
28:03 Chain Barding Armor
29:30 Husbandry
37:08 Imperial Age
35:32 Pikeman
38:51 Plate Barding Armor
38:52 Iron Casting
38:23 Cavalier
42:28 Savar
Vincent Vega
1:00 Loom
12:37 Feudal Age
13:01 Horse Collar
13:54 Double-Bit Axe
20:17 Castle Age
19:40 Gold Mining
20:34 Stone Mining
22:34 Bow Saw
25:40 Heavy Plow
25:39 Fletching
25:59 Forging
26:29 Pikeman
29:02 Town Watch
30:08 Wheelbarrow
29:04 Man-at-Arms
32:04 Caravan
32:44 Man-at-Arms
37:56 Iron Casting
37:22 Scale Mail Armor
38:35 Ballistics
38:33 Fortified Wall
38:43 Hand Cart
42:02 Imperial Age
39:34 Town Patrol
42:46 Bodkin Arrow
43:52 Blast Furnace
43:07 Chain Mail Armor
43:02 Siege Engineers
42:52 Halberdier
44:24 Conscription
44:03 Stronghold
45:23 Murder Holes
47:07 Onager
49:21 Furor Celtica
49:36 Elite Woad Raider
51:17 Plate Mail Armor
52:27 Siege Onager
57:51 Masonry
58:43 Chemistry
nadavr3012
5:43 Loom
15:30 Feudal Age
17:48 Wheelbarrow
17:31 Gold Mining
18:19 Town Watch
20:56 Forging
22:12 Stone Mining
27:08 Castle Age
28:37 Castle Age
30:08 Scale Barding Armor
31:56 Hand Cart
43:41 Imperial Age
LulloaC
2:33 Loom
13:12 Feudal Age
13:43 Double-Bit Axe
13:52 Gold Mining
15:37 Wheelbarrow
15:06 Horse Collar
20:45 Forging
20:37 Scale Mail Armor
24:24 Castle Age
23:48 Man-at-Arms
24:50 Scale Barding Armor
24:38 Fletching
24:48 Padded Archer Armor
26:44 Bow Saw
27:27 Heavy Plow
26:55 Long Swordsman
26:56 Pikeman
27:56 Stone Mining
29:03 Gold Shaft Mining
30:34 Elite Skirmisher
36:10 Stone Shaft Mining
42:45 Hand Cart
47:44 Crossbowman
53:20 Tusk Swords
57:24 Imperial Age
55:00 Bodkin Arrow
58:04 Two-Handed Swordsman
Connection lost

Rejoining the realm…

Still unreachable

The connection could not be restored.

Session expired

The server has moved on; the page needs a fresh start.